Map: Beckett Industries LE

Players

Kelazhur

  • Race: Terran Terran

SpeCial - Winner!

  • Race: Terran Terran
  • League: Master

Event: DreamHack SC2 Masters 2021 Summer

VOD

Have the link to the VOD?

Description

Time

  • Played on: May 22, 2021, 3:45 p.m.
  • Length: 6:43

All games in this series

Show
View Real Time Build Order
Export as new Build Order

Kelazhur Terran 

Build Orders:  

Get SALT Encoding   

  12  0:00  SCV  
  13  0:12  SCV  
  14  0:17  Supply Depot  
  14  0:24  SCV  
  15  0:38  SCV  
  15  0:39  Barracks  
  16  0:43  Refinery  
  16  0:50  SCV  
  16  0:53  Refinery  
  17  1:02  SCV  
  18  1:15  SCV  
  19  1:26  Reaper  
  19  1:27  Orbital Command  
  20  1:33  Supply Depot  
  20  1:42  Factory  
  20  1:52  SCV  
  21  1:58  Reaper  
  22  2:05  SCV  
  23  2:17  SCV  
  24  2:29  SCV  
  26  2:33  Command Center  
  24  2:37  Starport  
  24  2:38  Barracks Reactor  
  24  2:39  Factory Tech Lab  
  24  2:42  SCV  
  25  2:52  Supply Depot  
  25  2:54  SCV  
  26  3:00  Cyclone  
  29  3:06  SCV  
  30  3:14  Marine x2  
  30  3:15  Starport Tech Lab  
  30  3:19  Refinery, SCV  
  33  3:32  Marine x2  
  33  3:33  SCV  
  35  3:38  Cyclone  
  38  3:45  SCV  
  38  3:46  Banshee  
  42  3:51  Orbital Command  
  42  3:57  SCV  
  42  4:07  Marine x2  
  45  4:10  SCV  
  45  4:12  Siege Tank  
  48  4:17  Supply Depot  
  48  4:19  SCV  
  48  4:22  SCV  
  50  4:28  Marine  
  50  4:29  Marine  
  51  4:31  SCV  
  51  4:32  Raven  
  54  4:38  SCV  
  54  4:41  Supply Depot  
  54  4:44  Siege Tank  
  58  4:46  SCV  
  58  4:47  Marine  
  58  4:49  Marine  
  58  4:51  SCV  
  62  4:56  Supply Depot  
  62  5:02  SCV  
  62  5:06  SCV  
  64  5:12  Marine  
  64  5:13  Marine  
  66  5:14  SCV  
  66  5:18  SCV  
  66  5:19  Supply Depot  
  66  5:20  Siege Tank  
  71  5:23  Raven  
  71  5:26  SCV  
  68  5:30  SCV  
  68  5:32  Marine x2  
  71  5:37  Command Center  
  71  5:38  SCV  
  71  5:42  SCV  
  70  5:51  SCV  
  70  5:53  Siege Tank  
  70  5:54  SCV  
  75  6:03  SCV  
  63  6:06  SCV  
  58  6:15  SCV  
  60  6:18  SCV  
  60  6:19  Marine  
  65  6:26  Supply Depot  
  65  6:27  SCV  
  65  6:31  SCV  
Show
View Real Time Build Order
Export as new Build Order

SpeCial Terran - Winner!

Build Orders: Reaper Expand 

Get SALT Encoding   

  12  0:00  SCV  
  13  0:12  SCV  
  14  0:17  Supply Depot  
  14  0:24  SCV  
  15  0:39  SCV  
  15  0:40  Barracks  
  16  0:43  Refinery  
  16  0:51  SCV  
  17  1:03  SCV  
  18  1:15  SCV  
  19  1:29  Orbital Command, Reaper  
  20  1:42  Command Center  
  20  1:52  Supply Depot  
  20  1:55  SCV  
  20  2:01  Marine  
  21  2:07  SCV  
  23  2:11  Factory  
  23  2:17  Refinery  
  23  2:20  SCV  
  24  2:22  Barracks Reactor  
  24  2:33  SCV  
  25  2:45  SCV  
  26  2:54  Orbital Command  
  26  2:55  Hellion  
  26  2:56  Starport  
  28  2:58  SCV  
  28  3:00  Marine x2  
  31  3:10  SCV  
  32  3:13  Refinery  
  32  3:16  Factory Tech Lab  
  32  3:17  Marine  
  34  3:20  SCV  
  34  3:21  Marine  
  34  3:22  SCV  
  36  3:32  SCV  
  36  3:35  SCV, Siege Tank  
  36  3:36  Starport Tech Lab  
  36  3:41  Marine x2  
  42  3:44  SCV, Supply Depot  
  42  3:47  SCV  
  44  3:53  Supply Depot  
  44  3:54  Raven  
  46  4:00  Marine x2  
  46  4:06  SCV x2  
  48  4:11  Siege Tank  
  48  4:15  Supply Depot  
  51  4:17  Marine x2  
  51  4:18  SCV  
  51  4:20  SCV  
  55  4:30  SCV  
  55  4:32  SCV  
  55  4:33  Supply Depot  
  56  4:42  SCV  
  56  4:43  Siege Tank  
  56  4:44  SCV  
  56  4:45  Supply Depot  
  61  4:49  Liberator  
  64  4:53  Viking  
  64  4:54  SCV  
  64  4:59  SCV  
  68  5:01  Marine  
  68  5:06  SCV  
  69  5:11  SCV  
  70  5:17  Siege Tank  
  70  5:18  SCV, Supply Depot  
  70  5:19  Marine  
  74  5:23  SCV  
  74  5:30  SCV  
  74  5:31  Supply Depot  
  74  5:32  Refinery  
  74  5:34  Viking x2  
  80  5:35  SCV  
  80  5:37  Marine  
  81  5:43  SCV  
  81  5:47  SCV  
  81  5:48  Supply Depot  
  83  5:51  Siege Tank  
  83  5:55  SCV, Marine  
  88  5:59  SCV  
  82  6:07  SCV  
  82  6:09  Viking x2  
  84  6:12  SCV, Marine  
  87  6:25  SCV  
  87  6:26  SCV  
  87  6:29  Command Center  
Tags
 
Add a new tag
Caveats
  • Supply blocks, unpowered buildings, or Contaminate may cause inaccurate times.
  • Supply counts are checked every 10 seconds.